 Dungeon Crawl Stone Soup version 0.28-a0-1493-g08698888e4 (webtiles) character file.

Game seed: 270406686470777662

23 Hasart the Insei (level 2, -1/23 HPs)
             Began as a Demigod Transmuter on Jan 12, 2022.
             Slain by a hound (2 damage)
             ... on level 1 of the Dungeon.
             The game lasted 00:01:54 (1501 turns).

Hasart the Insei (Demigod Transmuter)               Turns: 1501, Time: 00:01:54

Health: -1/23      AC:  3    Str: 11    XL:     2   Next: 57%
Magic:  7/7        EV: 12    Int: 15    God:
Gold:   32         SH:  0    Dex: 14    Spells: 2/5 levels left

rFire   . . .      SeeInvis .   c - +1 mace (holy)
rCold   . . .      Faith    .   (no shield)
rNeg    . . .      Spirit   .   a - +0 robe
rPois   .          Reflect  .   (no helmet)
rElec   .          Harm     .   (no cloak)
rCorr   .          Rampage  .   (no gloves)
Will    .....                   b - +0 pair of boots
Stlth   +.........              (no amulet)
HPRegen 0.07/turn               (no ring)
MPRegen 0.10/turn               (no ring)

@: slowed, very slow
A: high mp 1, forlorn, divine attributes
a: no special abilities


You were on level 1 of the Dungeon.
You visited 1 branch of the dungeon, and saw 2 of its levels.

You collected 32 gold pieces.

Inventory:

Hand Weapons
 c - a +1 mace of holy wrath (weapon)
Missiles
 d - 6 poisoned darts (quivered)
Armour
 a - a +0 robe (worn)
 b - a +0 pair of boots (worn)
Scrolls
 e - a scroll of blinking {unknown}
 f - a scroll of enchant weapon {unknown}
Potions
 g - a potion of curing {unknown}


   Skills:
 + Level 1.2 Fighting
 * Level 0.6 Maces & Flails
 + Level 0.1 Throwing
 + Level 2.0 Dodging
 - Level 2.8 Unarmed Combat
 + Level 2.0 Spellcasting
 + Level 2.0 Transmutations


You had 2 spell levels left.
You knew the following spells:

 Your Spells              Type           Power      Damage    Failure   Level
a - Beastly Appendage     Tmut           14%        N/A       10%         1
b - Wereblood             Tmut           7%         N/A       14%         2

Your spell library contained the following spells:

 Spells                   Type           Power      Damage    Failure   Level
 Spider Form              Tmut/Pois      4%         N/A       41%         3
 Ice Form                 Ice/Tmut       4%         N/A       82%         4


Dungeon Overview and Level Annotations

Branches:
Dungeon (2/15)

Annotations:
D:1 Natasha


Innate Abilities, Weirdness & Mutations

You have an increased reservoir of magic. (+10% MP)
You shall have no god before yourself.
Your divine heritage dramatically boosts your attributes as you level up.


Message History

There is a stone staircase leading up here.
The hound bites you.
Natasha casts a spell.
The hound barely misses you.
You climb upwards.
The white imp disappears in a puff of smoke!
The crimson imp disappears in a puff of smoke! x2
There is a stone staircase leading down here.
Throw: 10 darts (poison)
Press: ? - help, Q - select action, (/) - cycle Shift-Dir - straight line, f - Natasha
Aim: Natasha (50% to hit)
You throw a poisoned dart.
The poisoned dart barely misses Natasha.
Natasha closely misses you. The hound bites you but does no damage.
Unknown command.
Throw: 9 darts (poison)
Press: ? - help, Q - select action, (/) - cycle Shift-Dir - straight line, f/p - Natasha
Aim: Natasha (50% to hit)
You throw a poisoned dart. The poisoned dart hits Natasha.
The hound barely misses you.
Natasha stares at you and mumbles some strange words.
You feel yourself slow down.
Throw: 8 darts (poison)
Press: ? - help, Q - select action, (/) - cycle Shift-Dir - straight line, f/p - Natasha
Aim: Natasha (50% to hit)
You throw a poisoned dart. The poisoned dart hits Natasha.
Natasha is poisoned.
The hound barely misses you.
Natasha howls an incantation.
Natasha's front paws start to glow.
Natasha claws you! The hound closely misses you. Natasha claws you.
The hound closely misses you.
Throw: 7 darts (poison)
Press: ? - help, Q - select action, (/) - cycle Shift-Dir - straight line, f/p - Natasha
Aim: Natasha (moderately wounded, poisoned, 50% to hit)
You throw a poisoned dart.
The poisoned dart barely misses Natasha.
The hound misses you. Natasha claws you.
* * * LOW HITPOINT WARNING * * *
The hound bites you.
You die...

#.≈≈≈≈≈.≈≈≈≈≈...#.###############
#≈≈≈≈≈≈≈≈≈≈≈≈≈..#................
#..≈≈≈≈≈≈≈≈≈≈...#.######......###
#..≈≈≈≈≈≈≈≈≈...##................
#..≈.....≈≈.....#.##..##......##.
#..≈..≈...≈≈..###................
#########...#.#.##########<>#####
## ##........h........###.....
.######.........@..#..#..# #.####
......#........h..##.##..###.# #
###....).......#.##...#...##.# #
####.........#..###...#....# #
##..................)...## # ####
#...........###...####..# # ...#
#............#....#####.### ...#
#..(.......#.#..#....##.... ...#
#...............#..........


You could see a hound and Natasha (poisoned).

Vanquished Creatures
  A dart slug (D:1)
  2 endoplasms (D:1)
  2 goblins (D:1)
  2 hobgoblins (D:1)
  A quokka (D:1)
  2 ball pythons (D:1)
  3 bats
  2 frilled lizards (D:1)
  2 kobolds
  4 rats
21 creatures vanquished.

Notes
Turn   | Place    | Note
-------+----------+-------------------------------------------
     0 | D:1      | Hasart the Demigod Transmuter began the quest for the Orb.
     0 | D:1      | Reached XP level 1. HP: 15/15 MP: 5/5
    18 | D:1      | Reached skill level 1 in Fighting
   455 | D:1      | Reached XP level 2. HP: 16/23 MP: 7/7
   462 | D:1      | Learned a level 2 spell: Wereblood
   739 | D:1      | HP: 1/23 [constriction (1)]
  1481 | D:2      | Noticed Natasha
  1501 | D:1      | HP: 1/23 [Natasha (6)]
  1501 | D:1      | Slain by a hound

Illustrated notes

Levels and vault maps discovered:
D:1:      dpeg_arrival_line_fractal, layout_rooms,
          chequers_ecumenical_altar_island, minmay_door_square
D:2:      layout_basic, uniq_natasha, uniq_jessica, uniq_robin

Skill      XL: |  1  2 |
---------------+-------+-----
Fighting       | 1 |  1.2
Dodging        | 2 |  2.0
Transmutations | 2 |  2.0
Spellcasting   | 2 |  2.0
Maces & Flails | |  0.6
Throwing       | |  0.1
Unarmed Combat | |  2.8

Action                   || total
-------------------------++-------
Melee: Unarmed           ||    41
       Punch             ||     4
       Mace              ||    34
Throw: Dart              ||     4
 Stab: Sleeping          ||     1
Armor: Robe              ||    24
Dodge: Dodged            ||    52

Table legend: (Time is in decaauts)
 A = Elapsed time spent in this place.
 B = Non-inter-level travel time spent in this place.
 C = Inter-level travel time spent in this place.
 D = Time resting spent in this place.
 E = Time spent auto-exploring this place.
 F = Levels seen in this place.
 G = Mean time per level.
                   A        B        C        D        E       F      G
               +--------+--------+--------+--------+--------+-----+--------+
         Total |   1519 |   1509 |     10 |    308 |    967 |   2 |  759.5 |
       Dungeon |   1519 |   1509 |     10 |    308 |    967 |   2 |  759.5 |
               +--------+--------+--------+--------+--------+-----+--------+

Top non-repeatable levels by time:
     D:1: 1490 daAuts
     D:2: 28 daAuts
